AoeStats
← Koprulu Mehmed PASA_☾☆

Hill Fort

506896151Analyzed
3v3 RM · 18d ago on Sep 15, 2026· 101m 8s· 6 players
Game mode
Random Map
Map size
Normal (6 player)
Population
200
Speed
Normal
Resources
Standard
Victory
Conquest
Starting age
Dark Age
Ending age
Imperial Age
RankedLock teamsTeams togetherTeam positionsShared explorationLock speedFull tech treeHidden civsTurbo modeCheats
Victory
Defeat
🇨🇿 Bohemians · Czechia
708
+18
🇩🇪 Turks · Germany
697
+18
🇨🇿 Armenians · Czechia
656
+20
🇨🇳 Franks · China
798
-21
🇺🇸 Celts · United States
746
-21
🇹🇷 Huns · Türkiye
676
-16
OSMANE38
0:40 Loom
12:47 Feudal Age
13:21 Double-Bit Axe
13:25 Horse Collar
15:37 Wheelbarrow
15:34 Fishing Lines
24:11 Castle Age
23:40 Stone Mining
23:41 Gold Mining
25:09 Bow Saw
25:12 Heavy Plow
26:00 Gold Shaft Mining
27:18 Hand Cart
26:49 Town Watch
27:37 Gillnets
31:36 Town Patrol
36:04 Imperial Age
37:53 Two-Man Saw
38:59 Hoardings
37:55 Sappers
39:31 Bombard Tower
38:52 Treadmill Crane
39:16 Elite Janissary
40:17 Conscription
42:10 Forging
41:51 Fletching
42:02 Padded Archer Armor
42:11 Caravan
42:43 Coinage
43:14 Guilds
69:47 Banking
72:16 Husbandry
72:28 Bloodlines
71:48 Capped Ram
87:35 Cavalier
91:22 Masonry
92:44 Scale Barding Armor
92:54 Leather Archer Armor
94:43 Siege Ram
lahwy
0:40 Loom
13:12 Feudal Age
13:46 Double-Bit Axe
13:44 Horse Collar
16:35 Fletching
18:10 Padded Archer Armor
24:57 Castle Age
28:08 Wheelbarrow
27:18 Town Watch
27:49 Bow Saw
27:47 Heavy Plow
32:06 Imperial Age
31:00 Ballistics
31:17 Bodkin Arrow
32:06 Leather Archer Armor
33:29 Conscription
32:57 Elite Hussite Wagon
34:19 Hand Cart
34:40 Town Patrol
36:21 Wagenburg Tactics
37:18 Hussite Reforms
38:35 Chemistry
39:01 Houfnice
40:35 Coinage
41:00 Caravan
42:20 Banking
42:08 Guilds
43:18 Two-Man Saw
42:34 Masonry
56:44 Forging
56:35 Scale Mail Armor
56:36 Bracer
56:38 Pikeman
57:18 Squires
57:29 Arson
59:11 Iron Casting
58:12 Halberdier
61:12 Blast Furnace
60:27 Chain Mail Armor
69:25 Plate Mail Armor
69:26 Ring Archer Armor
LangyMeister
13:25 Feudal Age
14:39 Horse Collar
14:49 Double-Bit Axe
14:54 Gold Mining
18:15 Loom
26:21 Castle Age
29:57 Wheelbarrow
31:24 Bow Saw
31:50 Gold Shaft Mining
31:06 Stone Mining
31:53 Fletching
32:03 Padded Archer Armor
32:29 Bodkin Arrow
37:42 Imperial Age
37:57 Elite Composite Bowman
40:38 Bracer
40:53 Leather Archer Armor
45:14 Ring Archer Armor
58:05 Pikeman
58:46 Squires
58:59 Halberdier
80:18 Scale Mail Armor
89:47 Onager
97:58 Caravan
Koprulu Mehmed PASA_☾☆
11:18 Feudal Age
21:33 Castle Age
27:14 Marauders
32:56 Scale Barding Armor
33:19 Forging
33:00 Fletching
33:29 Husbandry
33:54 Bloodlines
34:27 Thumb Ring
33:48 Crossbowman
40:28 Imperial Age
41:21 Wheelbarrow
40:31 Town Watch
山猪佩奇y
11:07 Feudal Age
13:16 Double-Bit Axe
14:36 Wheelbarrow
18:35 Castle Age
17:15 Gold Mining
17:16 Stone Mining
19:33 Bow Saw
20:02 Gold Shaft Mining
20:55 Hand Cart
32:11 Imperial Age
31:40 Caravan
32:54 Loom
33:00 Town Watch
36:06 Cavalier
37:03 Forging
36:58 Scale Barding Armor
38:31 Iron Casting
37:21 Paladin
38:03 Husbandry
38:35 Conscription
39:21 Chain Barding Armor
42:00 Blast Furnace
41:37 Plate Barding Armor
73:37 Town Patrol
79:24 Murder Holes
79:16 Arrowslits
hotknifeactual
2:50 Loom
11:07 Feudal Age
11:49 Double-Bit Axe
12:32 Horse Collar
19:08 Castle Age
19:23 Crossbowman
20:10 Padded Archer Armor
20:43 Bow Saw
21:46 Fletching
23:30 Bodkin Arrow
28:41 Fervor
29:35 Wheelbarrow
28:45 Town Watch
30:02 Sanctity
32:42 Hand Cart
31:53 Elite Skirmisher
32:51 Leather Archer Armor
33:21 Town Patrol
34:01 Scale Mail Armor
35:21 Ballistics
35:12 Fortified Wall
35:58 Masonry
35:28 Treadmill Crane
36:00 Herbal Medicine
36:28 Chain Mail Armor
36:32 Heavy Plow
37:46 Murder Holes
38:04 Stone Mining
38:05 Gold Mining
43:03 Imperial Age
41:28 Heated Shot
43:05 Gold Shaft Mining
44:46 Stone Shaft Mining
44:39 Conscription
45:05 Hoardings
45:02 Gambesons
45:03 Arson
44:38 Pikeman
44:39 Man-at-Arms
45:55 Furor Celtica
46:47 Caravan
46:35 Capped Ram
47:42 Elite Woad Raider
50:54 Siege Ram
52:24 Sappers
52:24 Heavy Scorpion
54:21 Plate Mail Armor
54:01 Forging
53:58 Scale Barding Armor
60:47 Chemistry
60:52 Long Swordsman
71:05 Iron Casting
71:00 Ring Archer Armor
91:28 Light Cavalry
92:08 Husbandry
92:04 Hussar
93:04 Cavalier
97:25 Paladin
100:50 Blast Furnace
99:58 Scale Barding Armor
Connection lost

Rejoining the realm…

Still unreachable

The connection could not be restored.

Session expired

The server has moved on; the page needs a fresh start.